[Event "Live Chess"]
[Site "Chess.com"]
[Date "2023.05.21"]
[Round "-"]
[White "ProfPoisson"]
[Black "MJMykh"]
[Result "1-0"]
[WhiteElo "1160"]
[BlackElo "969"]
[TimeControl "300"]
[EndTime "23:33:12 PDT"]
[Termination "ProfPoisson won on time"]

1. e4 e5 2. Nf3 Nc6 3. d4 exd4 4.
Bc4 Bc5 5. c3 dxc3 6. Bxf7+ Kxf7 7. Qd5+ Ke8 8. Qh5+ g6 9. Qxc5 Nf6 10. Nxc3 d6 11. Qe3 Ng4 12. Qe2 b6 13. O-O Be6 14. Bg5 Ne7 15. Nd5 Bxd5 16. exd5 h6 17. Bxe7 Qxe7 18. Qb5+ Qd7 19. Rfe1+ Kd8 20. Qc6 Qxc6 21. dxc6 Re8 22. Rxe8+ Kxe8 23. Re1+ Kf7 24. Nd4 Ne5 25. f4 Nc4 26. b3 Nb2 27. Ne6 Rc8 28.
g4 Nd3 29. Re3 Nb4 30. f5 gxf5 31. gxf5 Nxc6 32. a3 Ne7 33. Rf3 Kf6 34. Nd4 c5 35.
Nb5 Rd8 36. Nxa7 Nxf5 37. Nc6 Rc8 38. Ne7 Kxe7 39. Rxf5 Rh8 40. Kf2 Ke6 41. Rf3 h5 42. h4 Kd5 43. Ke3 Kc6 44. Rf5 Re8+ 45. Kf4 Rh8 46.
Rf6 Kd7 47. Kg5 Ke7 48. Rh6 Rxh6 49. Kxh6 Kf7 50. Kxh5 Kg7 51. Kg5 Kh7 52. Kf6 Kg8 53. Ke6 Kh7 54. Kxd6 Kh6 55. Kc6 Kh5 56. Kxb6 Kxh4 57.
Kxc5 Kg4 58. a4 Kf5 59. a5 Ke6 60. a6 Kd7 61. a7 Kc7 62. a8=Q Kd7 63. Qb7+ Ke6 64.
Qc6+ Kf5 65. Kd4 Kf4 66. Qe6 Kg5 67. Qf7 Kg4 68. Ke4 Kg3 69. Qf6 Kg2 70. Ke3 Kg3 71.
Qf4+ Kh3 72. Qg5 Kh2 73. Kf2 1-0

[Event "Live Chess"]
[Site "Chess.com"]
[Date "2023.05.21"]
[Round "-"]
[White "Rusty_Bridges"]
[Black "Goblinbasher"]
[Result "1-0"]
[WhiteElo "1495"]
[BlackElo "1236"]
[TimeControl "300"]
[EndTime "23:33:21 PDT"]
[Termination "Rusty_Bridges won by resignation"]

1. e4 c5 2. Be2 e6 3. Nf3 Nc6 4. d3 Qc7 5. O-O Nf6 6. Nbd2 d5 7. exd5 exd5 8. Re1 Be7 9. Nb3 b6 10. Bg5 O-O 11.
Bf1 Bg4 12. h3 Bh5 13. Be2 Rae8 14. Nh4 Bxe2 15. Rxe2 Bd8 16. Nf5 Rxe2 17. Qxe2 Qe5 18. Qxe5 Nxe5 19. Re1 Nc6 20. Ne3 h6 21. Bxf6 gxf6 22.
Nxd5 Ne5 23. Nd2 Kg7 24. Re3 h5 25. Rg3+ Kh7 26. Ne4 Rg8 27. Rxg8 Kxg8 28. Nexf6+ Bxf6 29. Nxf6+ Kg7 30. Nxh5+ Kg6 31. Nf4+ Kf5 32. g3 Nf3+ 33. Kf1 Nd4 34. c3 Ne6 35. Nxe6 fxe6 36. Ke2 e5 37. Ke3 a6 38. h4 b5 39. f4 exf4+ 40. gxf4 a5 41. d4 cxd4+ 42. cxd4 1-0

[Event "Live Chess"]
[Site "Chess.com"]
[Date "2023.05.21"]
[Round "-"]
[White "AlanPaling"]
[Black "febray_27"]
[Result "0-1"]
[WhiteElo "1360"]
[BlackElo "2000"]
[TimeControl "300"]
[EndTime "23:33:54 PDT"]
[Termination "febray_27 won on time"]

1. c4 Nf6 2. Nc3 g6 3. g3 Bg7 4.
Bg2 O-O 5. e4 e5 6. Nge2 c6 7.
d4 exd4 8. Nxd4 Qe7 9. O-O d6 10. h3 Nbd7 11. Be3 Ne5 12. b3 a6 13. f4 Ned7 14. Kh2 Nc5 15. Qc2 Re8 16. Rae1 Nfxe4 17. Nxe4 Nxe4 18. Bxe4 Qxe4 19. Qxe4 Rxe4 20. Nc2 Bf5 21. g4 Bd7 22. Bd2 Rae8 23. Rxe4 Rxe4 24. Re1 d5 25.
Rxe4 dxe4 26. Kg2 f5 27. g5 Kf7 28. Kf2 b5 29. cxb5 cxb5 30. Be3 Ke6 31. Bd4 Bf8 32.
Ke3 Bd6 33. h4 Bf8 34. Kd2 Kd5 35. Ke3 a5 36. a3 a4 37. b4 h6 38. Bb6 hxg5 39. fxg5 Kc4 40. Nd4 Bd6 41. Bd8 Be5 42. Bf6 Bxd4+ 0-1

[Event "Live Chess"]
[Site "Chess.com"]
[Date "2023.05.21"]
[Round "-"]
[White "CroasArRheun"]
[Black "YrrriKharkiv"]
[Result "0-1"]
[WhiteElo "1842"]
[BlackElo "2034"]
[TimeControl "300"]
[EndTime "23:34:16 PDT"]
[Termination "YrrriKharkiv won by resignation"]

1. d4 Nf6 2. c4 c5 3. d5 b5 4. cxb5 a6 5. bxa6 Bxa6 6. Nc3 g6 7. e4 Bxf1 8. Kxf1 d6 9. Nf3 Bg7 10. g3 h5 11. Kg2 Nbd7 12. Rf1 Ng4 13. Bd2 Nge5 14.
Nxe5 Nxe5 15. f4 Nc4 16. Be1 Ne3+ 0-1

[Event "Live Chess"]
[Site "Chess.com"]
[Date "2023.05.21"]
[Round "-"]
[White "diana21strabt"]
[Black "martynstanley"]
[Result "1-0"]
[WhiteElo "1707"]
[BlackElo "999"]
[TimeControl "300"]
[EndTime "23:34:22 PDT"]
[Termination "diana21strabt won by checkmate"]

1. e4 e6 2. d4 d5 3. Nc3 c5 4. dxc5 Bxc5 5. exd5 exd5 6. Qxd5 Qe7+ 7. Be2 Nc6 8. Nf3 Be6 9. Qg5 f6 10. Qh5+ Kd8 11. Bf4 Bd6 12. O-O-O Kc8 13. Bxd6 Qd7 14. Qc5 g6 15. Rhe1 f5 16. Bb5 a6 17. Bxc6 bxc6 18.
Ne5 Qb7 19. Nxc6 Ne7 20. Nxe7+ Kd7 21. Be5+ Ke8 22. Bxh8 Qxe7 23. Qxe7+ Kxe7 24. Nd5+ Kf7 25. Bc3 Ra7 26. Nf4 Re7 27. Rxe6 Rxe6 28. Nxe6 Kxe6 29. Re1+ Kf7 30. Be5 Ke6 31. Bf4+ Kd5 32. Re7 h6 33. Bxh6 f4 34. Bxf4 a5 35. Re5+ Kd6 36. Rxa5+ Ke6 37. Ra6+ Kf5 38. g3 g5 39. Bxg5 Kxg5 40. f4+ Kf5 41.
Ra5+ Ke4 42. h4 Kf3 43. h5 Kxg3 44. h6 Kg4 45. h7 Kf3 46. h8=Q Ke4 47. Qe5+ Kf3 48.
Ra3+ Kg4 49. Qg5# 1-0

[Event "Live Chess"]
[Site "Chess.com"]
[Date "2023.05.21"]
[Round "-"]
[White "mirandaasilva"]
[Black "CeladonFish"]
[Result "1-0"]
[WhiteElo "1632"]
[BlackElo "1088"]
[TimeControl "300"]
[EndTime "23:34:45 PDT"]
[Termination "mirandaasilva won by resignation"]

1. g3 Nf6 2. Bg2 d5 3. d4 g6 4.
c4 Bg7 5. cxd5 Nxd5 6. Nf3 Bg4 7. Nc3 Nxc3 8. bxc3 Nc6 9. O-O O-O 10. Ne1 e5 11. d5 Ne7 12. Nc2 f5 13. Ne3 e4 14. Nxg4 fxg4 15.
Bxe4 Bxc3 16. Bh6 Rf6 17. Rc1 Ba5 18. Qb3 Rd6 19. Bf4 Rb6 20. Qa3 Bb4 21. Bxc7 Bxa3 22. Bxd8 Bxc1 23. Bxb6 axb6 24. Rxc1 Rxa2 25. d6 Nc6 26. Bd5+ Kg7 27. Bxa2 1-0

[Event "Live Chess"]
[Site "Chess.com"]
[Date "2023.05.21"]
[Round "-"]
[White "Geomorph"]
[Black "Tushinskiy"]
[Result "1-0"]
[WhiteElo "1272"]
[BlackElo "2188"]
[TimeControl "300"]
[EndTime "23:34:47 PDT"]
[Termination "Geomorph won on time"]

1. e4 e5 2. Nf3 d6 3. d4 Bg4 4. dxe5 Nd7 5. exd6 Bxd6 6. Nc3 Qe7 7. h3 Bh5 8. Bd3 O-O-O 9. Qe2 Ngf6 10. Bd2 Ne5 11. O-O-O Bb4 12. g4 Nxd3+ 13. cxd3 1-0

[Event "Live Chess"]
[Site "Chess.com"]
[Date "2023.05.21"]
[Round "-"]
[White "Pandreq"]
[Black "AttackingSnowLeopard"]
[Result "0-1"]
[WhiteElo "1252"]
[BlackElo "2147"]
[TimeControl "300"]
[EndTime "23:35:11 PDT"]
[Termination "AttackingSnowLeopard won by resignation"]

1. d4 d5 2. c4 c6 3. Nc3 Nf6 4. cxd5 cxd5 5. Nf3 Nc6 6. Bg5 Ne4 7. Nxe4 dxe4 8. d5 exf3 9. dxc6 Qxd1+ 10. Rxd1 fxe2 11.
Bxe2 bxc6 12. Bf3 Bd7 13. O-O f6 14. Bf4 e5 15. Be3 Bb4 16. a3 Ba5 17. b4 Bb6 18. Rfe1 Bxe3 19. Rxe3 Ke7 20. Red3 Rhd8 21. h3 Be8 22.
Be4 g6 23. b5 Rxd3 24. Rxd3 Rd8 25. Rxd8 Kxd8 26. bxc6 Kc7 27. Kf1 Bxc6 28. Bxc6 Kxc6 29. Ke2 Kd5 30. Kd3 e4+ 31. Kc3 f5 32. a4 a5 33. g3 Kc5 34. h4 h6 35. h5 g5 36. Kb3 Kd4 37. Kc2 Kc4 0-1

[Event "Live Chess"]
[Site "Chess.com"]
[Date "2023.05.21"]
[Round "-"]
[White "Ian-Morley"]
[Black "toxic_rabbit"]
[Result "0-1"]
[WhiteElo "978"]
[BlackElo "1998"]
[TimeControl "300"]
[EndTime "23:35:17 PDT"]
[Termination "toxic_rabbit won by resignation"]

1. e4 e6 2. d4 d5 3. e5 c5 4. c3 Nc6 5. Nf3 Qb6 6. Be2 cxd4 7. cxd4 Nge7 8. Na3 Nf5 9. Nc2 Bd7 10. g4 Nh6 11.
Bxh6 gxh6 12. b3 Rc8 13. Rb1 Nb4 14. Nxb4 Bxb4+ 15. Kf1 Rg8 16. h3 Bb5 17. Bxb5+ Qxb5+ 18. Qe2 Qxe2+ 19. Kxe2 Rc2+ 20. Kf1 Rxa2 21. Kg2 Rc2 22. Ra1 a5 23. Rac1 Rc6 24. Rxc6 bxc6 25. Rc1 Kd7 26.
Kg3 Rc8 27. h4 c5 28. g5 cxd4 29. Nxd4 Rxc1 30. Nf3 Rc3 31. Kg4 hxg5 32. Nxg5 h6 33. Nxf7 Bf8 34. h5 Ke7 35. Nd6 Rxb3 0-1

[Event "Live Chess"]
[Site "Chess.com"]
[Date "2023.05.21"]
[Round "-"]
[White "Long1968"]
[Black "amazinggoalkeeper"]
[Result "0-1"]
[WhiteElo "1015"]
[BlackElo "514"]
[TimeControl "300"]
[EndTime "23:35:25 PDT"]
[Termination "amazinggoalkeeper won on time"]

1. e4 e5 2. f4 d6 3. Bc4 Nf6 4.
d4 Nxe4 5. Nf3 exd4 6. Qe2 Qe7 7. Nxd4 Nc5 8. Nb5 Ne6 9. f5 c6 10. fxe6 cxb5 11. Bxb5+ Kd8 12. exf7 Qxf7 13. Bg5+ Be7 14. Rf1 Qe6 15. Bxe7+ Kxe7 16. Nc3 Qxe2+ 17. Kxe2 Re8 0-1

[Event "Live Chess"]
[Site "Chess.com"]
[Date "2023.05.21"]
[Round "-"]
[White "nigelst"]
[Black "Nazar_777"]
[Result "0-1"]
[WhiteElo "1710"]
[BlackElo "1600"]
[TimeControl "300"]
[EndTime "23:35:42 PDT"]
[Termination "Nazar_777 won on time"]

1. e4 e6 2. d4 a6 3. Nc3 h5 4. Nf3 c5 5. Bd3 cxd4 6. Nxd4 Be7 7. O-O Qc7 8. Nf3 Nf6 9. h3 Nc6 10. Re1 b5 11. e5 Ng8 12. a3 Nh6 13. Qe2 g6 14. Be3 Bb7 15. Qd2 Nf5 16. Bxf5 gxf5 17. Bg5 Rg8 18. Bxe7 Kxe7 19. Rad1 Ke8 20. Qd6 Qxd6 21.
Rxd6 Rd8 22. Red1 b4 23. axb4 Nxb4 24. Nh4 Nd5 25. Nxd5 Bxd5 26. b3 Ke7 27. c4 Bc6 28. R6d3 f6 29. exf6+ Kxf6 30. Nf3 Rg6 31. Kf1 Rdg8 32.
g3 Be4 33. Re3 Bc2 34. Rd2 Be4 35. Rxd7 Bxf3 36. Rxf3 h4 37. gxh4 Rg1+ 38. Ke2 Rb8 39. h5 Rb6 40. h6 Rg8 41. h7 Rh8 42. Rg3 Rbb8 43. Rgg7 Ke5 44. Rb7 Rxb7 45. Rxb7 Ke4 46. Rg7 e5 47. h4 f4 48. f3+ Kd4 49. h5 e4 50. fxe4 Kxe4 51. h6 f3+ 52. Kf2 Kf4 53. Rf7+ Kg5 54. Rxf3 Kxh6 55. Rh3+ Kg6 56. Ke3 Kf6 57.
Kd4 Ke6 58. Kc5 Ke5 59. Kb6 Kd4 60. Kxa6 Kc5 61. Rh5+ Kb4 62. Rb5+ Kc3 63. c5 Kd4 64. c6 Ke4 65. Kb6 Kd3 66. Kc7 Kc2 67. Kd7 Kb2 68. c7 Rxh7+ 0-1

[Event "Live Chess"]
[Site "Chess.com"]
[Date "2023.05.21"]
[Round "-"]
[White "HoarseyHorsey"]
[Black "BillythekidFellowes"]
[Result "0-1"]
[WhiteElo "1430"]
[BlackElo "2021"]
[TimeControl "300"]
[EndTime "23:35:47 PDT"]
[Termination "BillythekidFellowes won by resignation"]

1. d4 e6 2. c4 d5 3. Nc3 Nf6 4.
cxd5 exd5 5. Bg5 c6 6. e3 Qb6 7. Qd2 Bb4 8. Nge2 Ne4 9. Qc2 Bf5 10. Bf4 Nxc3 11. Qxf5 Ne4+ 12. Kd1 Nxf2+ 13. Kc2 Nxh1 14. Qe5+ Kf8 15. Nc3 Nd7 16. Qg5 Bxc3 17. bxc3 Nf6 18. Be5 h6 19. Qf4 Ne4 20. Bd6+ Nxd6 21. Qxd6+ Kg8 22.
Bd3 Nf2 23. Rf1 Nxd3 24. Kxd3 Qb5+ 0-1

[Event "Live Chess"]
[Site "Chess.com"]
[Date "2023.05.21"]
[Round "-"]
[White "Jo1ts"]
[Black "peter-785"]
[Result "1/2-1/2"]
[WhiteElo "848"]
[BlackElo "1213"]
[TimeControl "300"]
[EndTime "23:35:53 PDT"]
[Termination "Game drawn by repetition"]

1. d4 d5 2. Bf4 c6 3. Nf3 e6 4. e3 Nf6 5. Nbd2 Be7 6. Bd3 O-O 7. c3 a6 8. Qc2 h6 9. Ne5 Nbd7 10. g4 Nxe5 11. dxe5 Nxg4 12. Rg1 h5 13. h3 Nf6 14. exf6 Bxf6 15. Nf3 e5 16. Bxe5 Bxe5 17.
Nxe5 Qf6 18. f4 Kh8 19. Qe2 g6 20. O-O-O Bf5 21. Bxf5 Qxf5 22. Rg5 Qxh3 23. Qg2 Qxe3+ 24. Kb1 Qe4+ 25. Qxe4 dxe4 26. Rd4 e3 27. Re4 Kh7 28. Nf3 Rae8 29. Rxe8 Rxe8 30. Re5 Rxe5 31. Nxe5 Kg7 32. Kc2 Kf6 33. Kd3 e2 34. Kxe2 Ke6 35. Ke3 h4 36. Nc4 f5 37. Kf3 Kf6 38. Kg2 g5 39. fxg5+ Kxg5 40. Kh3 Kf4 41. Kxh4 Ke4 42. Nd6+ Ke5 43. Nxb7 f4 44.
Kh3 Ke4 45. Kg2 Ke3 46. Kf1 Kd2 47. Nc5 Kc2 48. Nxa6 Kxb2 49. Nb8 c5 50. Na6 Kxa2 51. Nxc5 Kb2 52. c4 Kc3 53. Na4+ Kxc4 54. Nb2+ Kd4 55. Nd1 Ke4 56. Kf2 f3 57. Nc3+ Kd3 58. Nd1 Ke4 59. Nc3+ Kd3 60. Nd5 Ke4 61. Nb6 Kd3 62.
Nd7 Ke4 63. Nf6+ Kd3 64. Ng4 Ke4 65. Nh2 Kd3 66. Ng4 Ke4 67. Ne3 Kd3 68. Ke1 Ke4 69.
Kf2 Kd3 70. Nd1 Ke4 1/2-1/2

[Event "Live Chess"]
[Site "Chess.com"]
[Date "2023.05.21"]
[Round "-"]
[White "Rusty_Bridges"]
[Black "MJMykh"]
[Result "1-0"]
[WhiteElo "1497"]
[BlackElo "966"]
[TimeControl "300"]
[EndTime "23:35:58 PDT"]
[Termination "Rusty_Bridges won by resignation"]

1. e4 e5 2. f4 exf4 3. Nf3 Nc6 4. Bc4 h6 5. d4 Nf6 6. e5 Ng8 7. Bxf4 f6 8. O-O fxe5 9. Nxe5 Nxe5 10. Bxe5 d6 11. Qh5+ Kd7 12. Rf7+ Kc6 13. Qf3+ Kb6 14. Rxf8 Qd7 15. Bg3 1-0

[Event "Live Chess"]
[Site "Chess.com"]
[Date "2023.05.21"]
[Round "-"]
[White "Duke_of_Bebington"]
[Black "Mikhail_Golubev"]
[Result "0-1"]
[WhiteElo "1583"]
[BlackElo "2492"]
[TimeControl "300"]
[EndTime "23:36:02 PDT"]
[Termination "Mikhail_Golubev won by resignation"]

1. e4 d5 2. exd5 Qxd5 3. d4 Nc6 4. Nf3 Bg4 5. Be2 O-O-O 6. Be3 e5 7. c4 Qa5+ 8. Bd2 Bb4 9. d5 Bxf3 10. Bxf3 Bxd2+ 11. Nxd2 Nd4 12. O-O Nf6 13. Re1 Rhe8 14. Be4 c6 15.
dxc6 Nxc6 16. Bxc6 Rxd2 17. Qf3 bxc6 18. Qxc6+ Kb8 19. Rad1 Rc8 20. Qf3 Rxd1 21. Rxd1 e4 22. Qb3+ Qb6 23. Qg3+ Ka8 24. b3 g6 25. h3 Nh5 26.
Qc3 f5 27. Rd5 Nf4 28. Rd7 Ne2+ 0-1

[Event "Live Chess"]
[Site "Chess.com"]
[Date "2023.05.21"]
[Round "-"]
[White "LaupMiths"]
[Black "KeithArkell"]
[Result "0-1"]
[WhiteElo "1810"]
[BlackElo "2555"]
[TimeControl "300"]
[EndTime "23:36:03 PDT"]
[Termination "KeithArkell won by resignation"]

1. d4 e6 2. Nf3 Nf6 3. g3 b5 4.
Bg2 Bb7 5. O-O c5 6. dxc5 Bxc5 7. b3 b4 8. Bb2 O-O 9. c4 bxc3 10. Nxc3 Nc6 11. Rc1 Be7 12. Nb5 d5 13. Nbd4 Nxd4 14. Qxd4 Qb6 15. Ne5 Qxd4 16. Bxd4 Rfc8 17. Nd3 a5 18.
Rfd1 Ba3 19. Rc3 Rxc3 20. Bxc3 Ne4 21. Be1 h6 22. h3 a4 23. b4 Rc8 24. Bxe4 dxe4 25.
Nc5 Bd5 26. Nxa4 Rc2 27. Rd2 Rc1 28. Kg2 Rxe1 29. Rc2 Bxb4 30. Nb6 Ra1 31. Nxd5 exd5 32. e3 Rd1 33. Rb2 Bc3 34. Rc2 d4 35. exd4 Bxd4 36.
Re2 f5 37. g4 g6 38. gxf5 gxf5 39. f3 Rg1+ 40. Kh2 exf3 0-1

[Event "Live Chess"]
[Site "Chess.com"]
[Date "2023.05.21"]
[Round "-"]
[White "Conradical12"]
[Black "f4nomore"]
[Result "0-1"]
[WhiteElo "1595"]
[BlackElo "1434"]
[TimeControl "300"]
[EndTime "23:36:26 PDT"]
[Termination "f4nomore won by resignation"]

1. e4 g6 2. e5 Bg7 3. Nf3 d6 4. d4 dxe5 5. d5 e6 6. Bc4 Ne7 7. O-O exd5 8. Be2 c6 9. c3 O-O 10. Be3 Nf5 11. Nbd2 Nxe3 12. fxe3 Qb6 13. Kf2 Qxb2 14.
h4 h5 15. c4 e4 16. Ng5 f6 0-1

[Event "Live Chess"]
[Site "Chess.com"]
[Date "2023.05.21"]
[Round "-"]
[White "Driftboard"]
[Black "ProfPoisson"]
[Result "0-1"]
[WhiteElo "751"]
[BlackElo "1162"]
[TimeControl "300"]
[EndTime "23:36:39 PDT"]
[Termination "ProfPoisson won by checkmate"]

1. e4 e5 2. Nf3 Nf6 3. Nc3 Nc6 4. Bc4 Nxe4 5. Nxe4 d5 6. Bxd5 Qxd5 7. Nc3 Qd6 8.
O-O Bg4 9. d3 O-O-O 10. h3 Bh5 11. Be3 Nd4 12. Nxd4 exd4 13. Bxd4 Qxd4 14. Nb5 Bxd1 15.
Nxd4 Rxd4 16. Raxd1 Bd6 17. c3 Rf4 18. g3 Rf6 19. h4 h5 20. Kg2 Re6 21. Kh3 Re2 22. Rb1 f6 23. g4 hxg4+ 24. Kxg4 g5 25. hxg5 fxg5 26. Kxg5 Rf8 27. Kg4 Re7 28. Kg5 Rg7+ 29.
Kh6 Be5 30. Rg1 Rh8# 0-1

[Event "Live Chess"]
[Site "Chess.com"]
[Date "2023.05.21"]
[Round "-"]
[White "Alan_Richardson"]
[Black "chessfiction"]
[Result "0-1"]
[WhiteElo "1695"]
[BlackElo "2346"]
[TimeControl "300"]
[EndTime "23:36:40 PDT"]
[Termination "chessfiction won on time"]

1. d4 Nf6 2. Bf4 Nd5 3. Bg3 h5 4. h4 g6 5. e4 Nb6 6. Nf3 Bg7 7.
c3 d5 8. e5 Nc6 9. Bd3 Bg4 10.
Nbd2 Qd7 11. Qc2 O-O-O 12. O-O-O Kb8 13. Kb1 Na5 14. Rde1 Nac4 15. Nxc4 dxc4 16. Be4 e6 17. Ng5 Rhf8 18. f3 Bf5 19. Rhf1 Nd5 20. Ka1 a5 21. Qe2 Qa4 22. Bh2 b5 23. g4 Bxe4 24. fxe4 Nb6 25.
gxh5 b4 26. Nxf7 gxh5 27. Nxd8 Rxd8 28. Rf7 b3 29. a3 Bf8 30. Kb1 Bxa3 31. bxa3 Qxa3 32.
Qb2 Qxb2+ 33. Kxb2 Na4+ 34. Kc1 Nxc3 35. Rg1 Rxd4 36.
Rg8+ Kb7 37. Rgg7 Nb5 38. Kb2 a4 39. Bg1 c3+ 40. Kb1 c2+ 41. Kb2 a3+ 0-1

[Event "Live Chess"]
[Site "Chess.com"]
[Date "2023.05.21"]
[Round "-"]
[White "WelshTiger"]
[Black "tpm07"]
[Result "1-0"]
[WhiteElo "2356"]
[BlackElo "1930"]
[TimeControl "300"]
[EndTime "23:36:41 PDT"]
[Termination "WelshTiger won by resignation"]

1. e4 e5 2. Nf3 Nc6 3. d4 exd4 4. Bc4 Nf6 5. e5 d5 6. Bb5 Ne4 7. Nxd4 Bc5 8. Be3 O-O 9. Nxc6 bxc6 10. Bxc5 Nxc5 11.
Bxc6 Ba6 12. Nc3 d4 13. Bxa8 Qxa8 14. Qxd4 Qxg2 15. O-O-O Ne6 16. Qe3 Rb8 17. Rhg1 Qb7 18. b3 c5 19. Ne4 c4 20. Nd6 Qb4 21. Kb1 Nc5 22. Qg5 g6 23. Qf4 Rf8 24. Nxc4 Na4 25.
Qd2 Nc3+ 26. Kb2 Nxd1+ 27. Rxd1 Qc5 28. Qd4 Qe7 29. Nd6 Rd8 30. f4 Bc8 31. a4 Be6 32. f5 Bxf5 33. Nxf5 gxf5 34. Qxd8+ 1-0

[Event "Live Chess"]
[Site "Chess.com"]
[Date "2023.05.21"]
[Round "-"]
[White "minenko-1958"]
[Black "hturner40"]
[Result "1-0"]
[WhiteElo "1469"]
[BlackElo "1786"]
[TimeControl "300"]
[EndTime "23:37:23 PDT"]
[Termination "minenko-1958 won on time"]

1. e4 Nc6 2. Nf3 e5 3. Bc4 Nf6 4. d3 h6 5. h3 Bc5 6. c3 O-O 7. b4 Bb6 8. a4 a6 9. a5 Ba7 10. O-O d6 11. Kh1 Be6 12. Nbd2 d5 13. exd5 Nxd5 14.
Bb2 Nf4 15. Bxe6 Nxe6 16. Ne4 f5 17. Ng3 Nf4 18. Ne1 Qh4 19. Nf3 Qf6 20. d4 e4 21.
Nh2 Nd3 22. Qe2 Rae8 23. Rfd1 Nxb2 24. Qxb2 f4 25. Ngf1 e3 26. fxe3 fxe3 27. Re1 Nxd4 28.
Rxe3 Qf4 29. Rxe8 Rxe8 30. Rd1 Ne2 31. Qd2 Qf2 32. Nf3 Be3 33. Qd5+ Kh8 34. Nxe3 1-0

[Event "Live Chess"]
[Site "Chess.com"]
[Date "2023.05.21"]
[Round "-"]
[White "CroasArRheun"]
[Black "martynstanley"]
[Result "1-0"]
[WhiteElo "1842"]
[BlackElo "999"]
[TimeControl "300"]
[EndTime "23:37:46 PDT"]
[Termination "CroasArRheun won by checkmate"]

1. d4 e6 2. c4 d5 3. Nc3 c5 4. dxc5 Bxc5 5. cxd5 Qb6 6. e3 exd5 7. Qxd5 Ne7 8. Bb5+ Bd7 9. Bxd7+ Nxd7 10. Qd3 O-O-O 11.
Nf3 Nf6 12. Qc2 Rd7 13. O-O Rhd8 14. Ne5 Rd6 15. Nxf7 R8d7 16. Nxd6+ Rxd6 17. Na4 Qa5 18. Qxc5+ Qxc5 19. Nxc5 b6 20. Nb3 Ne4 21. Nd4 Ng6 22. f3 Nc5 23. Bd2 Nd3 24. b3 Nge5 25. Rfd1 Kc7 26.
Nb5+ Kd7 27. Nxd6 Kxd6 28. Bb4+ Ke6 29. Bc3 g6 30. f4 Kf5 31. fxe5 Nxe5 32. Rd5 Ke4 33.
Rxe5+ Kd3 34. Bd4 h6 35. Kf2 g5 36. Rd1+ Kc2 37. Ke2 h5 38. Rd2+ Kb1 39. Rb2+ Ka1 40.
Kd2 g4 41. Kc1 h4 42. Rc2# 1-0

[Event "Live Chess"]
[Site "Chess.com"]
[Date "2023.05.21"]
[Round "-"]
[White "DaveL5678"]
[Black "smoggyrabbit"]
[Result "1-0"]
[WhiteElo "1022"]
[BlackElo "1722"]
[TimeControl "300"]
[EndTime "23:38:01 PDT"]
[Termination "DaveL5678 won on time"]

1. e4 e6 2. d4 d5 3. Nc3 Nf6 4. e5 Nfd7 5. f4 c5 6. Nf3 Nc6 7. Bb5 Be7 8. O-O O-O 9. Be3 a6 10. Bxc6 bxc6 11. dxc5 Bxc5 12. Nd4 Bb7 13. Na4 Bxd4 14.
Bxd4 Qe7 15. a3 c5 16. Be3 Bc6 17. c3 Rab8 18. b4 cxb4 19. cxb4 Bb5 20. Rf2 Rfc8 21. h3 Rc4 22. Nb2 Rc3 23. Bd4 Rc6 24. Rc1 Rbc8 25. Rxc6 Rxc6 26. Rc2 Rxc2 27. Qxc2 Qd8 28. Bc5 Qc7 29.
Qf2 Nxc5 30. Qxc5 Qxc5+ 31. bxc5 d4 32. a4 Bd7 33. Nd3 Bxa4 34. Nb4 Kf8 35. c6 Ke8 36. c7 Kd7 37. Nxa6 d3 38. Nc5+ Kxc7 39. Nxa4 d2 40. Nc3 Kc6 41. Kf2 Kc5 42. Ke2 Kd4 43. Kxd2 1-0

[Event "Live Chess"]
[Site "Chess.com"]
[Date "2023.05.21"]
[Round "-"]
[White "diana21strabt"]
[Black "Ferrarifan27"]
[Result "1-0"]
[WhiteElo "1721"]
[BlackElo "2051"]
[TimeControl "300"]
[EndTime "23:38:03 PDT"]
[Termination "diana21strabt won by checkmate"]

1. e4 e5 2. Nf3 Nc6 3. d4 exd4 4. Bc4 Bb4+ 5. c3 dxc3 6. O-O d6 7. Nxc3 Bxc3 8. bxc3 Nf6 9. Bg5 O-O 10. Re1 Bg4 11. h3 Bxf3 12. Qxf3 Ne5 13. Qe2 Nxc4 14. Qxc4 h6 15.
Bh4 Re8 16. Rad1 Re5 17. Qb3 b6 18. Qc4 Qe7 19. Bxf6 gxf6 20. Rd3 Kh7 21. Rg3 f5 22. Rf3 fxe4 23. Rxf7+ Kg6 24. Rxe7 Rxe7 25. Rxe4 Rae8 26.
Rg4+ Kh7 27. Qd3+ Kh8 28. Qd4+ Kh7 29. Qd3+ Kh8 30. Qg6 Rh7 31. Qxe8# 1-0

[Event "Live Chess"]
[Site "Chess.com"]
[Date "2023.05.21"]
[Round "-"]
[White "Hacker_2009"]
[Black "Doge_Dandolo"]
[Result "1/2-1/2"]
[WhiteElo "1936"]
[BlackElo "1909"]
[TimeControl "300"]
[EndTime "23:38:13 PDT"]
[Termination "Game drawn by agreement"]

1. d4 d5 2. Nf3 Nf6 3. e3 Bg4 4. c4 c6 5. cxd5 cxd5 6. Be2 Nc6 7. Nc3 e6 8. O-O Be7 9. b3 O-O 10. Bb2 a6 11. Rc1 Rc8 12. Na4 Ne4 13. Ne5 Bxe2 14. Qxe2 Nxe5 15. dxe5 b5 16. Nc3 Nxc3 17. Bxc3 Qb6 18.
Bd4 Qb8 19. f4 g6 20. g4 Ba3 21. Rxc8 Rxc8 22. f5 Qc7 23. e4 dxe4 24. Qxe4 Qc2 25. Qxc2 Rxc2 26. fxe6 fxe6 27. Rf6 Rxa2 28. Rxe6 Bb4 29.
Kf1 Rd2 30. Bb6 a5 31. Rc6 Rxh2 32. e6 Kf8 33. Bc5+ Bxc5 34. Rxc5 a4 35. Rxb5 axb3 36. Rxb3 Ke7 37. Re3 1/2-1/2

[Event "Live Chess"]
[Site "Chess.com"]
[Date "2023.05.21"]
[Round "-"]
[White "Ian-Morley"]
[Black "CeladonFish"]
[Result "1-0"]
[WhiteElo "1002"]
[BlackElo "1074"]
[TimeControl "300"]
[EndTime "23:38:50 PDT"]
[Termination "Ian-Morley won by resignation"]

1. e4 d6 2. d4 Nf6 3. e5 dxe5 4. dxe5 Qxd1+ 5. Kxd1 Ng4 6. Ke2 Nxe5 7. Bf4 Ng6 8.
Bxc7 Nc6 9. Nc3 Nd4+ 10. Kd3 e5 11. Nf3 Nf4+ 12. Kd2 Bf5 13. Bxe5 Nxc2 14. Rc1 f6 15. Bxf4 g5 16. Bb5+ Kf7 17. Rxc2 Bxc2 18. Kxc2 gxf4 19. Re1 a6 20. Bc4+ Kg7 21. Ne4 b5 22.
Be6 Re8 23. Bd5 Bb4 24. Re2 f5 25. Neg5 Rd8 26. Ne6+ Kf7 27. Nxd8+ Kf6 28. Re6+ Kg7 29. Nc6 1-0

[Event "Live Chess"]
[Site "Chess.com"]
[Date "2023.05.21"]
[Round "-"]
[White "Supertromp"]
[Black "raminguy"]
[Result "0-1"]
[WhiteElo "2131"]
[BlackElo "1948"]
[TimeControl "300"]
[EndTime "23:39:06 PDT"]
[Termination "raminguy won by checkmate"]

1. e4 e5 2. Nf3 Nc6 3. Bc4 Bc5 4. c3 Nf6 5. d4 exd4 6. b4 Be7 7. e5 Ne4 8. O-O d5 9. exd6 Nxd6 10. Bd3 O-O 11. Bb2 Bf6 12. a3 dxc3 13. Nxc3 Bg4 14. h3 Bh5 15.
Be2 Re8 16. Qd5 Bg6 17. Rfe1 Ne7 18. Qd2 Ne4 19. Qc1 Nxc3 20. Bxc3 Bxc3 21. Qxc3 c6 22. Bc4 Nd5 23. Rxe8+ Qxe8 24. Bxd5 cxd5 25. Rd1 Be4 26. Nd4 Rc8 27. Qe3 Qd8 28. Nb5 a6 29. Nc3 Qf6 30.
Nxe4 dxe4 31. Qxe4 Qb6 32. Rd7 h6 33. Rxb7 Qd6 34.
Qf5 Rc1# 0-1

[Event "Live Chess"]
[Site "Chess.com"]
[Date "2023.05.21"]
[Round "-"]
[White "Singapourfeuj"]
[Black "KirbyHasARevenge"]
[Result "1-0"]
[WhiteElo "2214"]
[BlackElo "1738"]
[TimeControl "300"]
[EndTime "23:39:15 PDT"]
[Termination "Singapourfeuj won by checkmate"]

1. d4 Nf6 2. Nf3 g6 3. Nc3 Bg7 4. e4 d6 5. Be2 O-O 6. O-O Nbd7 7. a4 e5 8. a5 Qe7 9. d5 Nc5 10. Nd2 Bh6 11. b4 Bxd2 12. Bxd2 Ncxe4 13. Be1 Bf5 14. Nxe4 Bxe4 15. c4 Bf5 16. a6 b6 17. Rc1 Rab8 18.
Bc3 Ne4 19. Bb2 Qh4 20. g3 Qh3 21. f3 Nxg3 22. Rf2 Nh5 23. Bf1 Qh4 24. Qe1 Nf4 25. Rd2 Qg5+ 26. Qg3 Nh3+ 27. Bxh3 Qxg3+ 28. hxg3 Bxh3 29. g4 f5 30. g5 f4 31. Kf2 Bf5 32. b5 Bd7 33. Rh1 Rf5 34. Rg1 Rf7 35. Rg2 Re8 36. Re2 Bf5 37. Rh2 Bd3 38. Re4 Bxe4 39. fxe4 f3 40.
Bc1 Ref8 41. Rh4 Kg7 42. Be3 Rf4 43. Bxf4 Rxf4 44. Rxf4 exf4 45. Kxf3 h6 46. gxh6+ Kxh6 47. Kxf4 Kh5 48. e5 dxe5+ 49. Kxe5 g5 50. c5 g4 51. cxb6 g3 52. bxc7 g2 53. c8=Q g1=Q 54. Qh8+ Kg4 55. Qg7+ Kf3 56. Qxg1 Ke2 57. Ke4 Kd2 58. Qe3+ Kc2 59.
Kd4 Kb2 60. Kc4 Ka2 61. Qd2+ Ka3 62. Qe2 Ka4 63. Qa2# 1-0